 Dungeon Crawl Stone Soup version 0.19.5 (webtiles) character file.

249 Lizzreth the Slasher (level 5, -2/39 HPs)
             Began as a Vampire Fighter on Mar 16, 2017.
             Was a Follower of Makhleb.
             Slain by Sigmund
             ... wielding a +3 scythe of flaming
              (9 damage)
             ... on level 3 of the Dungeon.
             The game lasted 00:10:57 (1870 turns).

Lizzreth the Slasher (Vampire Fighter)              Turns: 1870, Time: 00:11:00

Health: -2/39      AC:  6    Str: 15    XL:     5   Next: 87%
Magic:  5/5        EV:  6    Int: 11    God:    Makhleb [*.....]
Gold:   160        SH:  0    Dex: 16    Spells: 0 memorised, 4 levels left

rFire  . . .     SeeInvis +     a - +0 long sword
rCold  . . .     Gourm    .     b - +0 scale mail
rNeg   . . .     Faith    .     f - +2 shield
rPois  .         Spirit   .     (no helmet)
rElec  .         Reflect  .     (no cloak)
rCorr  .         Harm     .     (no gloves)
MR     .....     Rnd*Tele +     (no boots)
Stlth  ..........               (no amulet)
                                (no ring)
                                h - ring of teleportation (curse)

@: confused, exhausted, regenerating quickly, slowed, invisible, very slow
A: fangs 3, see invisible, agile 1, unbreathing
a: Renounce Religion


You were on level 3 of the Dungeon.
You worshipped Makhleb.
Makhleb was aware of your devotion.
You were almost alive.

You visited 1 branch of the dungeon, and saw 3 of its levels.

You collected 160 gold pieces.

Inventory:

Hand Weapons
 a - a +0 long sword (weapon)
Armour
 b - a +0 scale mail (worn)
 c - a +0 shield
 f - a +2 shield (worn)
Jewellery
 h - a cursed ring of teleportation (left hand)
Scrolls
 k - a scroll of remove curse {unknown}
 l - a scroll of recharging {unknown}
 m - a scroll of identify {unknown}
 n - a scroll of blinking {unknown}
 o - 2 scrolls of fog {unknown}
 p - a scroll of amnesia {unknown}
Potions
 e - 4 potions of blood
 i - 2 potions of berserk rage
 q - a potion of curing {unknown}


   Skills:
 - Level 2.6 Fighting
 + Level 6.2 Long Blades
 - Level 2.4 Armour
 - Level 2.6 Shields


You had 4 spell levels left.
You didn't know any spells.

Dungeon Overview and Level Annotations

Branches:
Dungeon (3/15)

Altars:
Ashenzari
Fedhas
Gozag
Hepliaklqana
Makhleb
Qazlal
Ru
Uskayaw
Xom

Annotations:
D:3 Sigmund


Innate Abilities, Weirdness & Mutations

Your natural rate of healing is unusually fast.
You have razor-sharp teeth.
You have supernaturally acute eyesight. (SInv)
You can survive without breathing.
You are agile. (Dex +2)


Message History

A hobgoblin comes into view.
The hobgoblin shouts!
Sigmund hits you with a scythe of flaming.
Sigmund burns you.
Found a scroll labeled BAPUWUVO VUEKE.
Found a stone staircase leading down.
A quokka comes into view.
You barely miss Sigmund.
Sigmund hits you with a scythe of flaming!
* * * LOW HITPOINT WARNING * * *
Sigmund burns you.
* * * LOW HITPOINT WARNING * * *
A bat comes into view.
It was a potion of invisibility.
You fade into invisibility!
You feel a little less mighty now. You block the hobgoblin's attack.
Sigmund gestures at you while chanting.
You are confused.
The bat hits you but does no damage. The hobgoblin closely misses you.
Sigmund hits you with a scythe of flaming!
You die...

#
#........
#####
#?.......
.....
#........
#####
#........
#...
#...r....
...##
#.....>..
##
#.b......
#@g......
#@.......
#########


You could see Sigmund, a quokka, a hobgoblin and a bat.

Vanquished Creatures
  The ghost of Nelagord the Skirmisher, an amateur GrFi (D:3)
  Terence (D:3)
  9 adders
  2 worms (D:2)
  5 dart slugs
  A leopard gecko (D:1)
  10 goblins
  8 hobgoblins
  2 jackals (D:3)
  7 kobolds
  2 quokkas (D:2)
  3 bats (D:1)
  3 frilled lizards
  3 rats
57 creatures vanquished.

Notes
Turn   | Place    | Note
-------+----------+-------------------------------------------
     0 | D:1      | Lizzreth the Vampire Fighter began the quest for the Orb.
     0 | D:1      | Reached XP level 1. HP: 17/17 MP: 1/1
   225 | D:1      | Reached XP level 2. HP: 22/23 MP: 2/2
   300 | D:1      | Reached skill level 3 in Long Blades
   574 | D:1      | Reached XP level 3. HP: 28/28 MP: 3/3
   744 | D:2      | Found a blossoming altar of Fedhas.
   830 | D:2      | Found an opulent altar of Gozag.
   830 | D:2      | Found a shimmering altar of Xom.
   830 | D:2      | Found a hide-covered altar of Uskayaw.
  1043 | D:2      | Reached skill level 4 in Long Blades
  1075 | D:2      | Found a shattered altar of Ashenzari.
  1075 | D:2      | Found a stormy altar of Qazlal.
  1087 | D:2      | Found a burning altar of Makhleb.
  1089 | D:2      | Found a hazy altar of Hepliaklqana.
  1092 | D:2      | Found a sacrificial altar of Ru.
  1095 | D:2      | Became a worshipper of Makhleb the Destroyer
  1214 | D:2      | Reached XP level 4. HP: 30/34 MP: 4/4
  1795 | D:3      | Noticed Nelagord's ghost (amateur GrFi)
  1799 | D:3      | Noticed Terence
  1819 | D:3      | Reached skill level 5 in Long Blades
  1826 | D:3      | Reached XP level 5. HP: 14/39 MP: 5/5
  1828 | D:3      | Killed Terence
  1828 | D:3      | Reached * piety under Makhleb
  1830 | D:3      | Gained mutation: You are agile. (Dex +2) [potion of beneficial mutation]
  1840 | D:3      | Killed Nelagord's ghost
  1840 | D:3      | Reached skill level 6 in Long Blades
  1868 | D:3      | Noticed Sigmund
  1870 | D:3      | Slain by Sigmund

Skill      XL: |  1  2  3  4  5 |
---------------+----------------+-----
Long Blades    | 3 4 5 6 |  6.2
Fighting       | |  2.6
Armour         | |  2.4
Shields        | |  2.6

Action                   |  1- 3 |  4- 6 || total
-------------------------+-------+-------++-------
Melee: Long sword        |   101 |    68 ||   169
       Bite              |    10 |     6 ||    16
  Use: Scroll            |     1 |       ||     1
       Potion            |       |     5 ||     5
  Eat: Corpse            |    11 |     4 ||    15
Armor: Scale mail        |    43 |    25 ||    68
Dodge: Dodged            |    34 |    23 ||    57
Block: Shield            |    43 |    39 ||    82
       Rpst.: Long sword |    14 |     7 ||    21
